 Dungeon Crawl Stone Soup version 0.24-a0-201-gf205589 (console) character file.

Game seed: 13069557569704602785

34 bli the Skirmisher (level 3, -4/26 HPs)
             Began as an Octopode Fighter on Mar 23, 2019.
             Slain by Natasha (6 damage)
             ... on level 2 of the Dungeon.
             The game lasted 00:02:19 (1097 turns).

bli the Skirmisher (Octopode Fighter)               Turns: 1097, Time: 00:02:20

Health: -4/26      AC:  1    Str: 15    XL:     3   Next: 31%
Magic:  3/3        EV: 12    Int: 10    God:
Gold:   40         SH:  8    Dex: 12    Spells: 2/2 levels left

rFire    . . .     SeeInvis .   a - +2 dagger (drain)
rCold    . . .     Gourm    .   k - +0 shield
rNeg     + . .     Faith    .   (helmet restricted)
rPois    .         Spirit   .   (no amulet)
rElec    .         Reflect  .   i - ring of positive energy
rCorr    .         Harm     .   (no ring)
MR       .....                  (no ring)
Stlth    +++.......             (no ring)
HPRegen  0.08/turn              (no ring)
MPRegen  0.08/turn              (no ring)
                                (no ring)
                                (no ring)

@: slowed, very slow
A: almost no armour, stealthy swim, amphibious, 8 rings, constrict 8, camouflage
1, gelatinous body 1
a: no special abilities


You were on level 2 of the Dungeon.
You were hungry.

You visited 1 branch of the dungeon, and saw 2 of its levels.

You collected 40 gold pieces.

Inventory:

Hand Weapons
 a - a +2 dagger of draining (weapon)
 b - a +0 rapier
Missiles
 e - 23 stones (quivered)
 l - 21 sling bullets
Armour
 k - a +0 shield (worn)
Jewellery
 i - a ring of positive energy (left tentacle)
Scrolls
 g - a scroll of remove curse {unknown}
 h - 2 scrolls of identify {unknown}
 j - a scroll of random uselessness {unknown}
Potions
 c - 3 potions of might
 m - a potion of lignification {unknown}
Comestibles
 d - 3 rations
 f - a chunk of flesh


   Skills:
 + Level 3.3 Fighting
 * Level 2.7 Short Blades
 + Level 3.2 Dodging
 * Level 1.8 Stealth
 - Level 3.0 Shields


You had 2 spell levels left.
You didn't know any spells.
Your spell library was empty.

Dungeon Overview and Level Annotations

Branches:
Dungeon (2/15)

Altars:

Annotations:
D:2 Natasha


Innate Abilities, Weirdness & Mutations

You cannot wear most types of armour.
You are very stealthy in the water. (Stealth+)
You are amphibious.
You can wear up to eight rings at the same time.
You can use your tentacles to constrict eight enemies at once.
Your skin changes colour to match your surroundings (Stealth+).
Your rubbery body absorbs attacks. (AC +1, EV +1)


Message History

You hit the worm but do no damage. You drain the worm.
The worm is moderately wounded.
You constrict the worm. The bat hits you. The bat completely misses you.
You block the worm's attack.
You hit the worm. You drain the worm.
The worm is severely wounded.
You constrict the worm. You block the bat's attack. You block Natasha's attack.
The bat closely misses you.
Natasha growls.
Natasha closely misses you. The worm bites you.
You hit Natasha. Your grab misses Natasha. You squeeze Natasha.
Natasha is moderately wounded.
You constrict the worm.
You kill the worm!
The bat barely misses you. Natasha claws you!
* * * LOW HITPOINT WARNING * * *
You hit Natasha but do no damage. You drain Natasha. Your grab misses Natasha.
Natasha is heavily wounded.
The bat barely misses you. Natasha claws you.
* * * LOW HITPOINT WARNING * * *
The bat closely misses you. Natasha claws you.
You die...

#.#..... ##
.#.#.%.. .. ......
#. #....#
#..#....#
#..#....#
#.......+
.####.#)5hb#####.
.........@†......
.####.#.#######..
...#.#######..
########..........
#.................
.<....##.........#
##### #..........
##........#
#.<......#
+........#
#........#


You could see an iron imp, Natasha and a bat.

Vanquished Creatures
  A worm (D:2)
  A ball python (D:1)
  A giant cockroach (D:1)
  3 hobgoblins
  4 kobolds (D:1)
  6 bats (D:1)
  3 frilled lizards (D:1)
  6 goblins (D:1)
  3 rats (D:1)
28 creatures vanquished.

Notes
Turn   | Place    | Note
-------+----------+-------------------------------------------
     0 | D:1      | bli the Octopode Fighter began the quest for the Orb.
     0 | D:1      | Reached XP level 1. HP: 16/16 MP: 1/1
    80 | D:1      | Reached XP level 2. HP: 19/21 MP: 2/2
    97 | D:1      | Reached skill level 1 in Stealth
   476 | D:1      | Reached XP level 3. HP: 26/26 MP: 3/3
  1087 | D:2      | Noticed Natasha
  1097 | D:2      | Slain by Natasha

Levels and vault maps discovered:
D:1:      dpeg_arrival_lava_temple_mockup, layout_basic, minmay_misc_feat_doors,
          minmay_close_crescents
D:2:      layout_basic, uniq_natasha

Skill      XL: |  1  2 |
---------------+-------+-----
Stealth        | 1 |  1.8
Fighting       | |  3.3
Short Blades   | |  2.7
Dodging        | |  3.2
Shields        | |  3.0

Action                   || total
-------------------------++-------
Melee: Rapier            ||    24
       Constrict         ||     7
       Tentacles         ||     5
       Dagger            ||    19
 Stab: Sleeping          ||    11
Armor: Skin              ||     4
Dodge: Dodged            ||    18
Block: Shield            ||    18

Table legend:
 A = Non-vault XP
 B = Vault XP
 C = Vault XP percentage of total XP
 D = Non-vault monster count
 E = Vault monster count
 F = Vault count percentage of total count
                 A         B        C        D         E       F
            +---------+---------+-------+---------+---------+-------
      Total |      42 |       7 |  14.3 |      23 |       5 |  17.9
            +---------+---------+-------+---------+---------+-------
        D:1 |      35 |       7 |  16.7 |      21 |       5 |  19.2
        D:2 |       7 |       0 |   0.0 |       2 |       0 |   0.0
            +---------+---------+-------+---------+---------+-------
